 Dungeon Crawl Stone Soup version 0.24.0-123-gd5b16e6ec5 (webtiles) character file.

Game seed: 15842161419811421482, levelgen mode: deterministic

275 Johnny the Digger (level 5, 0/38 HPs)
             Began as a Demigod Earth Elementalist on Feb 2, 2020.
             Slain by a hound (2 damage)
             ... on level 4 of the Dungeon.
             The game lasted 00:03:37 (3695 turns).

Johnny the Digger (Demigod Earth Elementalist)      Turns: 3695, Time: 00:03:38

Health: 0/38       AC:  2    Str: 11    XL:     5   Next: 73%
Magic:  3/14       EV: 12    Int: 25    God:
Gold:   127        SH:  0    Dex: 16    Spells: 7/11 levels left

rFire    + . .     SeeInvis .   h - +0 short sword
rCold    . . .     Gourm    .   (no shield)
rNeg     . . .     Faith    .   c - +0 robe
rPois    .         Spirit   .   (no helmet)
rElec    .         Reflect  .   (no cloak)
rCorr    .         Harm     .   (no gloves)
MR       .....                  (no boots)
Stlth    ++........             (no amulet)
HPRegen  0.12/turn              i - +4 ring of intelligence
MPRegen  0.14/turn              m - ring of protection from fire

@: lethally poisoned (0 -> -3), berserk cooldown, slowed, very slow
A: high mp 1
a: no special abilities


You were on level 4 of the Dungeon.
You were not hungry.

You visited 1 branch of the dungeon, and saw 4 of its levels.

You collected 127 gold pieces.

Inventory:

Hand Weapons
 h - a +0 short sword (weapon)
 o - a +2 dagger of venom
 q - a +0 dagger of draining
Missiles
 b - 10 stones (quivered)
 n - a throwing net
Armour
 c - a +0 robe (worn)
Jewellery
 i - a +4 ring of intelligence (left hand)
 m - a ring of protection from fire (right hand)
Scrolls
 e - a scroll of enchant weapon
Potions
 a - a potion of lignification {unknown}
 f - a potion of might {unknown}
 g - 2 potions of cancellation
 l - a potion of magic {unknown}
 p - a potion of ambrosia {unknown}
Comestibles
 d - 4 rations


   Skills:
 - Level 1.7 Dodging
 - Level 1.7 Stealth
 + Level 3.9 Spellcasting
   Level 0.8 Transmutations
 + Level 4.7 Earth Magic


You had 7 spell levels left.
You knew the following spells:

 Your Spells              Type           Power        Failure   Level  Hunger
a - Sandblast             Erth           ####..       1%          1    None
b - Stone Arrow           Conj/Erth      ###...       11%         3    ##.....

Your spell library contained the following spells:

 Spells                   Type           Power        Failure   Level  Hunger
 Passwall                 Tmut/Erth      ###.....     4%          2    #......
 Petrify                  Tmut/Erth      ###.....     28%         4    ####...
 Lee's Rapid Deconstruct  Erth           ####......   34%         5    ######.


Dungeon Overview and Level Annotations

Branches:
Dungeon (4/15)
 Temple: D:4-7


Innate Abilities, Weirdness & Mutations

You have an increased reservoir of magic. (+10% MP)


Message History

The iguana misses you.
Unknown command.
The adder bites you.
* * * LOW HITPOINT WARNING * * *
You are poisoned.
The adder poisons you!
You feel a strong urge to attack something.
You feel sick.
Found 6 gold pieces.
You feel your anger nearly subside.
You are no longer berserk.
You are exhausted.
You feel yourself slow down.
As you read the scroll labeled ZADUNAISUO, it crumbles to dust.
You feel as if something is helping you.
It was a scroll of remove curse.
* * * LOW HITPOINT WARNING * * *
You feel sick. The hound barely misses you. The adder bites you.
* * * LOW HITPOINT WARNING * * *
The hound bites you.
You die...

######## a ..
##......## #. ..
##........## #o ..
#..........# #.##..
#.........$# #.....
#..........# #.)..
#..........# ##)..
#...h......#####..##
##.@S..........)....
#...l...............
#..........######.##
#..........# #..##
#..........# #....
#$.........# #...##
##........## #.#.#
##......## .....#
#.##.##


You could see an iguana, a hound and an adder.

Vanquished Creatures
  A water moccasin skeleton (D:4)
  An orc priest (D:3)
  2 orc wizards
  A worker ant (D:4)
  A hound skeleton (D:3)
  3 adders
  An ooze (D:2)
  2 worms
  5 leopard geckos
  5 orcs
  2 giant cockroaches
  4 goblins
  5 hobgoblins
  2 jackals (D:1)
  A quokka (D:3)
  2 ball pythons
  10 bats
  4 frilled lizards
  10 kobolds
  4 rats
66 creatures vanquished.

Notes
Turn   | Place    | Note
-------+----------+-------------------------------------------
     0 | D:1      | Johnny the Demigod Earth Elementalist began the quest for
                  | the Orb.
     0 | D:1      | Reached XP level 1. HP: 14/14 MP: 5/5
   296 | D:1      | Reached skill level 3 in Earth Magic
   537 | D:1      | Reached XP level 2. HP: 16/20 MP: 0/7
  1655 | D:2      | Reached XP level 3. HP: 11/26 MP: 6/9
  2384 | D:2      | Reached XP level 4. HP: 23/33 MP: 6/11
  2423 | D:2      | HP: 1/33 [poisoned by an orc wizard]
  2812 | D:3      | Reached skill level 4 in Earth Magic
  2834 | D:3      | Found a hazy altar of Hepliaklqana.
  2859 | D:3      | Learned a level 3 spell: Stone Arrow
  3162 | D:3      | Reached XP level 5. HP: 37/38 MP: 9/13
  3695 | D:4      | Slain by a hound

Levels and vault maps discovered:
D:1:      elethiomel_arrival_quiet, layout_basic, minmay_misc_feat_roman
D:2:      layout_loops_ring, hangedman_abyss_or_decor_stabs, chequers_arboretum
D:3:      layout_loops_ring, lemuel_doored_altar, st_stairs_5,
          minmay_misc_feat_enclosed
D:4:      layout_rooms, minmay_temple_entry_fiery, hangedman_decor_points,
          lightli_minifort

Skill      XL: |  1  2  3  4 |
---------------+-------------+-----
Spellcasting   | 2 3 |  3.9
Earth Magic    | 3 4 |  4.7
Dodging        | |  1.7
Stealth        | |  1.7
Transmutations | |  0.8

Action                   |  1- 3 |  4- 6 || total
-------------------------+-------+-------++-------
Melee: Unarmed           |    13 |       ||    13
       Short sword       |    46 |    29 ||    75
Throw: Stone             |       |     1 ||     1
 Cast: Sandblast         |    49 |    28 ||    77
       Stone Arrow       |       |     5 ||     5
  Use: Scroll            |       |     4 ||     4
       Potion            |       |     3 ||     3
 Stab: Sleeping          |     5 |     1 ||     6
  Eat: Chunk             |     4 |     5 ||     9
Armor: Robe              |    17 |     9 ||    26
Dodge: Dodged            |    56 |    40 ||    96
